 Dungeon Crawl Stone Soup version 0.18-a0-1160-geb89fc2 (webtiles) character file.

1610 M4edhros the Sneak (level 8, -1/43 HPs)
             Began as an Octopode Artificer on Jan 24, 2016.
             Was a Believer of Fedhas.
             Slain by a small abomination (7 damage)
             ... summoned by the capriciousness of Xom
             ... on level 6 of the Dungeon.
             The game lasted 00:13:41 (5419 turns).

M4edhros the Sneak (Octopode Artificer)             Turns: 5419, Time: 00:13:43

Health: -1/43      AC:  5    Str: 10      XL:     8   Next: 95%
Magic:  11/11      EV: 14    Int: 19 (20) God:    Fedhas [**....]
Gold:   234        SH:  0    Dex: 13      Spells: 0 memorised, 7 levels left

rFire  . . .     SeeInvis .     l - +1 hunting sling
rCold  + . .     Gourm    +     (no shield)
rNeg   . . .     Faith    .     (helmet restricted)
rPois  .         Spirit   .     a - amulet of the gourmand
rElec  .         Dismiss  .     i - +4 ring of slaying
rCorr  .         Reflect  .     o - +4 ring of intelligence
SustAt .         Harm     .     r - ring of protection from cold
MR     .....     Rnd*Rage +     y - +4 ring of protection
Stlth  +++++.....               (no ring)
                                (no ring)
                                (no ring)
                                (no ring)

@: not resistant to hostile enchantments, quite stealthy
A: almost no armour, amphibious, 8 rings, constrict 8, camouflage 1, berserk 1,
blurry vision 2, deterioration 1, frail 1, low mp 1, sense surroundings 1,
gelatinous body 1
a: Evolution, Sunlight, Renounce Religion


You were on level 6 of the Dungeon.
You worshipped Fedhas.
Fedhas was pleased with you.
You were very hungry.

You visited 2 branches of the dungeon, and saw 7 of its levels.

You collected 234 gold pieces.

Inventory:

Hand Weapons
 l - a +1 hunting sling (weapon)
 s - a +4 quarterstaff of chaos
 v - a +4 dagger of venom
 w - a +1 morningstar of protection
Missiles
 e - 226 stones (quivered)
 m - 26 sling bullets
Jewellery
 a - an amulet of the gourmand (around mantle)
 i - a +4 ring of slaying (left tentacle)
 o - a +4 ring of intelligence (right tentacle)
 r - a ring of protection from cold (on tentacle)
 y - a +4 ring of protection (on tentacle)
Wands
 b - a wand of flame (11/48)
 c - a wand of enslavement (12/24)
 d - a wand of random effects (11/48)
Scrolls
 h - a scroll of random uselessness
 k - a scroll of blinking
 n - 7 scrolls of fear
 p - 2 scrolls of remove curse
 q - a scroll of amnesia
 t - a scroll of recharging
 u - 2 scrolls of teleportation
 x - a scroll of noise
Potions
 g - a potion of resistance
Comestibles
 f - 4 bread rations
 j - 3 beef jerkies


   Skills:
 - Level 1.0 Fighting
 - Level 1.0 Short Blades
 * Level 6.5 Slings
 + Level 5.0 Dodging
 + Level 7.1 Stealth
 + Level 2.5 Invocations
 + Level 6.1 Evocations


You had 7 spell levels left.
You didn't know any spells.

Dungeon Overview and Level Annotations

Branches:
Dungeon (6/15)             Temple (1/1) D:5

Altars:
Ashenzari
Dithmenos
Elyvilon
Fedhas
Gozag
Kikubaaqudgha
Makhleb
Okawaru
Pakellas
Qazlal
Ru
Sif Muna
Trog
Vehumet
Xom
Yredelemnul
Zin
The Shining One

Shops:
D:5 %


Innate Abilities, Weirdness & Mutations

You cannot wear most types of armour.
You are amphibious.
You can wear up to eight rings at the same time.
You can use your tentacles to constrict eight enemies at once.
Your skin changes colour to match your surroundings (Stealth).
Your rubbery body absorbs attacks (AC +1).
You tend to lose your temper in combat.
Scrolls take you longer to read.
Your body sometimes deteriorates upon taking damage.
You are frail (-10% HP).
Your magical capacity is low (-10% MP).
You passively map a small area around you.


Message History

Okay, then.
Drink which item? (? for menu, Esc to quit)
Okay, then.
Evoke which item? (* to show all) (? for menu, Esc to quit)
Zapping:
c - a wand of enslavement (13/24)
Press: ? - help, Shift-Dir - straight line, f/p - small abomination
Aim: a small abomination (lightly damaged, summoned, chance to defeat MR: 41%)
Okay, then.
Evoke which item? (* to show all) (? for menu, Esc to quit)
Zapping:
c - a wand of enslavement (13/24)
Press: ? - help, Shift-Dir - straight line, f/p - small abomination
Aim: a small abomination (lightly damaged, summoned, chance to defeat MR: 41%)
The small abomination resists with some effort.
This wand has 12 charges left.
The small abomination misses you.
Something hits the toadstool!
The toadstool is destroyed!
Your wandering mushroom barely misses the small abomination.
The small abomination hits you!
You die...
Fedhas appreciates your contribution to the ecosystem.

#..#..#(......#.# ##+#
#####...P...#.# #... *
#..#...####.#.## #...
,#..#.⌠.# #.#..## #...
#,#P.'...# #.....###...
#.####..###'#..........#
#....(P)#(..#.#...######
#.....x.)(.(#.....######
#.####f@#...#..........#
#. #fx#####.##.......#
#...+, #.##......)#
,.####...#, #.##.......#
...PP....####..........#
...............#########
...............#
################


You could see 2 small abominations and 2 friendly wandering mushrooms.

Vanquished Creatures
  Edmund (D:5)
  An orc warrior (D:6)
  2 phantoms (D:4)
  3 ogres
  A centaur (D:6)
  A giant frog (D:6)
  2 crimson imps (D:5)
  An orc priest (D:5)
  A hound (D:4)
  A jelly (D:5)
  Crazy Yiuf (D:5)
  4 orc wizards (D:5)
  An iguana (D:5)
  A worker ant (D:5)
  A hound skeleton (D:5)
  2 gnolls (D:6)
  15 adders
  An adder skeleton (D:5)
  3 worms
  5 giant geckos
  12 orcs
  3 giant cockroaches
  13 goblins
  8 hobgoblins
  5 jackals
  2 quokkas
  A ball python (D:1)
  15 bats
  3 giant newts
  A jackal skeleton (D:4)
  12 kobolds
  4 rats
127 creatures vanquished.

Vanquished Creatures (collateral kills)
  A water moccasin (D:6)
  A centaur (D:6)
  A hound (D:6)
  A jelly (D:6)
  An orc wizard (D:6)
  A worker ant (D:6)
  A gnoll (D:6)
  An orc (D:6)
  A hobgoblin (D:6)
9 creatures vanquished.

Vanquished Creatures (others)
  2 worker ant zombies (D:6)
  A jackal (D:2)
  A quokka (D:5)
  53 toadstools
57 creatures vanquished.

Grand Total: 193 creatures vanquished

Notes
Turn   | Place    | Note
--------------------------------------------------------------
     0 | D:1      | M4edhros the Octopode Artificer began the quest for the Orb.
     0 | D:1      | Reached XP level 1. HP: 13/13 MP: 3/3
    95 | D:1      | Reached XP level 2. HP: 18/18 MP: 4/4
   416 | D:3      | Reached XP level 3. HP: 23/23 MP: 5/5
   809 | D:4      | Noticed a phantom
  1080 | D:3      | Reached XP level 4. HP: 28/28 MP: 6/6
  1197 | D:4      | Reached skill level 1 in Slings
  1197 | D:4      | Reached skill level 4 in Evocations
  1226 | D:4      | Killed a phantom
  1226 | D:4      | Reached XP level 5. HP: 33/33 MP: 8/8
  1321 | D:4      | Noticed an ogre
  1336 | D:4      | Killed an ogre
  1336 | D:4      | Reached XP level 6. HP: 38/38 MP: 9/9
  1462 | D:4      | Noticed a phantom
  1474 | D:4      | Killed a phantom
  1474 | D:4      | Reached skill level 5 in Stealth
  1474 | D:4      | Reached XP level 7. HP: 43/43 MP: 10/10
  1516 | D:4      | Found a stormy altar of Qazlal.
  1518 | D:4      | Noticed a water elemental
  1519 | D:4      | Noticed an air elemental
  1519 | D:4      | Noticed a fire elemental
  1642 | D:5      | Entered Level 5 of the Dungeon
  1675 | D:5      | Found a staircase to the Ecumenical Temple.
  1688 | Temple   | Entered the Ecumenical Temple
  1783 | Temple   | Became a worshipper of Xom of Chaos
  1930 | D:5      | Found a white marble altar of Elyvilon.
  2256 | D:5      | Noticed Edmund
  2398 | D:3      | XOM: cast spell 'Statue Form'
  2457 | D:3      | Reached skill level 5 in Evocations
  2625 | D:2      | Found a sacrificial altar of Ru.
  2722 | D:2      | XOM: divination: detect creatures
  2837 | D:2      | XOM: silly message
  2974 | D:5      | XOM: divination: magic mapping
  3022 | D:5      | XOM is BORED!
  3022 | D:5      | XOM: medium Fire miscast
  3230 | D:5      | Found a blossoming altar of Fedhas.
  3258 | D:5      | Fell from the grace of Xom
  3258 | D:5      | Became a worshipper of Fedhas Madash
  3422 | D:5      | Found Ereiwag's Food Shoppe.
  3553 | D:5      | Reached skill level 5 in Slings
  3725 | D:5      | Reached XP level 8. HP: 39/48 MP: 12/12
  3756 | D:5      | XOM: summons 3 hostile shadow creatures
  3867 | D:5      | Reached skill level 6 in Stealth
  3935 | D:5      | Noticed Crazy Yiuf
  3941 | D:5      | Killed Crazy Yiuf
  3993 | D:4      | XOM: give mutation
  3993 | D:4      | Gained mutation: You are dopey. (Int -2) [Xom's mischief]
  4139 | D:1      | Reached * piety under Fedhas
  4289 | D:1      | XOM: noise
  4368 | D:1      | XOM: give mutations
  4368 | D:1      | Lost mutation: You are dopey. (Int -2) [Xom's mischief]
  4368 | D:1      | Gained mutation: You tend to lose your temper in combat. [Xom's mischief]
  4507 | D:5      | Killed Edmund
  4536 | D:6      | Found a glowing golden altar of the Shining One.
  4588 | D:6      | Reached skill level 1 in Invocations
  4866 | D:6      | XOM: give mutations
  4866 | D:6      | Gained mutation: Your body sometimes deteriorates upon taking damage. [Xom's mischief]
  4866 | D:6      | Gained mutation: Scrolls take you a little longer to read. [Xom's mischief]
  4866 | D:6      | Gained mutation: You are frail (-10% HP). [Xom's mischief]
  4866 | D:6      | Gained mutation: Your magical capacity is low (-10% MP). [Xom's mischief]
  4933 | D:6      | Gained mutation: You passively map a small area around you. [potion of beneficial mutation]
  5200 | D:6      | Found a basalt altar of Yredelemnul.
  5244 | D:6      | XOM: give mutation
  5244 | D:6      | Gained mutation: Scrolls take you longer to read. [Xom's mischief]
  5265 | D:6      | Reached ** piety under Fedhas
  5296 | D:6      | Reached skill level 5 in Dodging
  5296 | D:6      | Reached skill level 7 in Stealth
  5415 | D:6      | XOM: medium Summ miscast
  5419 | D:6      | Slain by a small abomination

Vault maps used:
D:1:      scummos_arrival_star, st_stairs_5
D:2:      nicolae_ru_sacrificial_ziggurat
D:3:      kennysheep_generic_room_5
D:4:      nicolae_qazlal_style_of_elements
D:5:      elyvilon_altar_4, fedhas_altar_1, minmay_temple_entry_trees,
          serial_shops, kennysheep_little_box, first_bread, uniq_edmund,
          uniq_crazy_yiuf_cottage
D:6:      corexii_shack_village, lemuel_crystal_altar,
          yredelemnul_altar_generic, kennysheep_generic_room_4
Temple:   water_room_temple_b_12

Action                   |  1- 3 |  4- 6 |  7- 9 || total
-------------------------+-------+-------+-------++-------
Melee: Short sword       |    58 |       |       ||    58
       Dagger            |       |       |    61 ||    61
       Morningstar       |       |       |    13 ||    13
 Fire: Hunting sling     |     6 |    63 |   227 ||   296
Invok: Evolution         |       |       |     2 ||     2
Evoke: Wand              |     1 |     1 |     9 ||    11
  Use: Potion            |     2 |       |     4 ||     6
       Scroll            |       |       |    10 ||    10
 Stab: Sleeping          |     3 |       |     9 ||    12
       Distracted        |       |       |     1 ||     1
  Eat: Chunk             |       |     1 |     3 ||     4
       Bread ration      |       |       |     2 ||     2
